Map: Blackburn LE

Players

DPGherO (herO)

  • Race: Protoss Protoss
  • League: Master

Solar - Winner!

  • Race: Zerg Zerg
  • League: Master

Event: TSL 8

VOD

Have the link to the VOD?

Description

Time

  • Played on: Dec. 3, 2021, 7:08 a.m.
  • Length: 8:38

All games in this series

Show
View Real Time Build Order
Export as new Build Order

DPGherO Protoss 

Build Orders: 1 Gate Expand, Oracle Opening 

Get SALT Encoding   

  12  0:00  Probe  
  13  0:12  Probe  
  14  0:17  Pylon  
  14  0:24  Probe (Chrono Boost)  
  15  0:36  Probe (Chrono Boost)  
  16  0:43  Gateway  
  16  0:44  Probe (Chrono Boost)  
  16  0:47  Assimilator  
  17  0:50  Probe  
  18  1:03  Probe  
  19  1:15  Probe  
  20  1:26  Nexus  
  20  1:36  Cybernetics Core  
  20  1:39  Probe  
  21  1:47  Assimilator  
  21  1:51  Probe  
  22  1:55  Pylon  
  22  2:03  Probe  
  23  2:10  Adept (Chrono Boost)  
  23  2:15  Probe  
  26  2:18  Stargate  
  26  2:25  Warp Gate  
  26  2:28  Probe (Chrono Boost)  
  27  2:33  Adept  
  29  2:38  Probe (Chrono Boost)  
  31  2:45  Probe (Chrono Boost)  
  31  2:47  Probe (Chrono Boost)  
  32  2:52  Probe  
  32  2:53  Void Ray (Chrono Boost)  
  32  2:54  Probe  
  34  3:05  Probe  
  39  3:06  Probe  
  39  3:12  Pylon  
  40  3:17  Probe  
  40  3:18  Probe  
  42  3:26  Oracle (Chrono Boost)  
  42  3:27  Gateway  
  42  3:30  Probe  
  42  3:31  Probe  
  47  3:51  Nexus  
  47  3:52  Pylon  
  47  3:54  Probe x2  
  49  3:58  Assimilator  
  49  3:59  Assimilator  
  49  4:06  Probe  
  49  4:07  Probe  
  51  4:13  Stargate  
  51  4:18  Probe  
  51  4:19  Probe  
  51  4:20  Protoss Air Weapons Level 1  
  53  4:26  Void Ray, Pylon  
  53  4:30  Probe  
  55  4:31  Probe  
  55  4:36  Shield Battery  
  59  4:42  Probe  
  59  4:43  Probe  
  59  4:45  Adept  
  63  4:49  Adept  
  65  4:54  Probe  
  65  4:55  Probe  
  65  4:56  Void Ray  
  67  5:03  Void Ray  
  67  5:07  Probe (Chrono Boost)  
  72  5:08  Probe (Chrono Boost)  
  72  5:09  Probe (Chrono Boost)  
  78  5:18  Probe (Chrono Boost)  
  78  5:19  Probe (Chrono Boost)  
  78  5:20  Probe (Chrono Boost)  
  81  5:25  Assimilator x2, Pylon  
  81  5:26  Probe x2 (Chrono Boost)  
  81  5:27  Probe  
  84  5:37  Void Ray (Chrono Boost)  
  84  5:38  Probe  
  85  5:43  Probe x2  
  91  5:52  Forge, Pylon  
  91  5:55  Shield Battery  
  91  5:57  Probe x2  
  91  6:00  Pylon  
  91  6:03  Void Ray (Chrono Boost)  
  93  6:10  Probe  
  98  6:12  Pylon  
  98  6:14  Void Ray (Chrono Boost), Stargate  
  102  6:22  Zealot x2  
  102  6:25  Pylon  
  106  6:30  Probe x2  
  106  6:31  Probe  
  109  6:33  Void Ray (Chrono Boost)  
  109  6:41  Fleet Beacon  
  109  6:45  Void Ray (Chrono Boost)  
  109  6:46  Photon Cannon, Sentry x2  
  111  6:53  Probe x2  
  117  7:00  Pylon  
  117  7:01  Photon Cannon  
  117  7:02  Shield Battery  
  117  7:07  Void Ray (Chrono Boost)  
  117  7:09  Nexus  
  125  7:18  Sentry x2, Shield Battery  
  125  7:22  Void Ray (Chrono Boost)  
  122  7:32  Probe x2  
  122  7:34  Void Ray (Chrono Boost)  
  111  7:37  Photon Cannon  
  103  7:45  Probe x2  
  103  7:50  Void Ray (Chrono Boost)  
  99  7:55  Probe  
  99  7:57  Probe x2  
  87  8:01  Zealot x2  
  82  8:11  Photon Cannon  
  82  8:12  Shield Battery  
  81  8:17  Shield Battery  
Show
View Real Time Build Order
Export as new Build Order

Solar Zerg - Winner!

Build Orders: Hatch First 

Get SALT Encoding   

  12  0:01  Drone  
  13  0:13  Overlord  
  13  0:17  Drone  
  14  0:32  Drone x2  
  16  0:49  Hatchery  
  15  0:51  Drone  
  15  0:55  Drone  
  17  0:58  Drone  
  18  1:10  Extractor  
  17  1:15  Spawning Pool  
  16  1:19  Drone  
  16  1:22  Drone  
  18  1:29  Drone  
  19  1:41  Drone  
  20  1:50  Overlord  
  20  2:02  Zergling x2, Queen x2  
  20  2:03  Zergling x2  
  26  2:13  Drone x2  
  28  2:15  Metabolic Boost  
  28  2:22  Drone  
  29  2:23  Drone  
  30  2:39  Hatchery  
  30  2:42  Zergling x2  
  30  2:48  Queen  
  32  2:53  Overlord  
  32  2:55  Drone  
  32  2:57  Drone  
  34  3:00  Drone  
  34  3:02  Drone  
  36  3:12  Drone x4  
  40  3:13  Drone  
  41  3:20  Queen  
  43  3:27  Overlord  
  43  3:29  Drone  
  44  3:35  Overlord  
  44  3:40  Overlord  
  44  3:44  Spore Crawler  
  44  3:45  Drone  
  43  3:50  Queen  
  43  3:52  Drone  
  43  3:53  Drone, Spore Crawler  
  46  3:57  Queen  
  46  4:00  Drone x2  
  50  4:03  Drone x2  
  50  4:05  Drone  
  52  4:11  Drone x3  
  52  4:13  Drone x2  
  52  4:15  Drone  
  52  4:17  Drone  
  59  4:19  Drone  
  59  4:22  Drone x2  
  62  4:24  Zergling x2  
  62  4:25  Zergling x2  
  62  4:28  Overlord  
  62  4:31  Overlord  
  64  4:32  Drone  
  64  4:33  Drone  
  64  4:37  Overlord  
  66  4:40  Lair  
  66  4:44  Extractor x2  
  66  4:45  Roach Warren  
  63  4:47  Drone x2  
  63  4:49  Zergling x2  
  63  4:50  Zergling x4  
  68  4:53  Overlord  
  68  4:57  Drone  
  68  4:58  Drone x2  
  70  5:02  Zergling x2  
  70  5:04  Overlord  
  70  5:08  Drone x2  
  70  5:09  Zergling x10  
  70  5:12  Extractor x2  
  70  5:13  Queen  
  77  5:19  Drone x2  
  77  5:20  Extractor  
  77  5:21  Overlord  
  78  5:23  Drone  
  79  5:29  Drone x3  
  79  5:30  Drone  
  83  5:36  Drone x2  
  83  5:37  Overlord  
  83  5:38  Drone  
  83  5:39  Drone x2  
  83  5:41  Hydralisk Den  
  83  5:42  Drone  
  87  5:44  Overlord  
  87  5:46  Drone x2  
  89  5:55  Hatchery  
  88  6:06  Overseer  
  88  6:11  Hydralisk x7  
  88  6:12  Hydralisk  
  88  6:16  Nydus Network  
  103  6:19  Grooved Spines  
  103  6:21  Hydralisk  
  103  6:26  Hydralisk x2  
  103  6:29  Hydralisk x2  
  111  6:33  Hydralisk  
  111  6:35  Hydralisk  
  111  6:38  Hydralisk  
  114  6:42  Overlord  
  114  6:44  Overlord  
  114  6:49  Overlord  
  114  6:50  Hydralisk x2  
  118  6:55  Nydus Canal  
  118  6:57  Hydralisk  
  118  7:00  Overlord  
  120  7:02  Hydralisk x3  
  120  7:05  Zergling x2  
  120  7:06  Hydralisk, Queen  
  120  7:08  Hydralisk  
  127  7:13  Hydralisk x2  
  133  7:18  Overlord  
  133  7:23  Hydralisk x2  
  133  7:27  Overlord  
  134  7:36  Hydralisk x3  
  130  7:37  Zergling x6  
  130  7:41  Hydralisk  
  127  7:47  Hydralisk x3  
  123  7:52  Queen  
  123  7:57  Hydralisk  
  125  8:00  Hydralisk x2  
  113  8:09  Hydralisk x2  
  113  8:10  Hydralisk  
Tags
 
Add a new tag
Caveats
  • Supply blocks, unpowered buildings, or Contaminate may cause inaccurate times.
  • Supply counts are checked every 10 seconds.